 Dungeon Crawl Stone Soup version 0.29-a0-542-g075992c915 (webtiles) character file.

Game seed: 4265429587993324419

4238 dohliylev the Cleaver (level 10, -1/138 (139) HPs)
             Began as a Minotaur Berserker on June 4, 2022.
             Was a Priest of Trog.
             Succumbed to a gnoll sergeant's poison
             ... on level 8 of the Dungeon.
             The game lasted 00:18:16 (9060 turns).

dohliylev the Cleaver (Minotaur Berserker)          Turns: 9060, Time: 00:18:17

HP:   -1/138 (139)  AC: 25    Str: 25    XL:     10   Next: 9%
MP:   9/9           EV:  2    Int:  4    God:    Trog [***...]
Gold: 400           SH: 12    Dex: 11    Spells: 9/9 levels left

rFire   . . .      SeeInvis .   v - +0 hand axe (vorpal)
rCold   + . .      Faith    .   w - +0 tower shield
rNeg    . . .      Spirit   .   (body armour currently unavailable)
rPois   +          Reflect  .   (helmet currently unavailable)
rElec   .          Harm     .   (cloak currently unavailable)
rCorr   .          Rampage  .   (gloves currently unavailable)
Will    .....      NoTele   +   (boots currently unavailable)
Stlth   +.........              (no amulet)
HPRegen 0.33/turn               q - ring of protection from cold
MPRegen 0.11/turn               (no ring)

@: lethally poisoned (-1 -> -19), tree-form, on berserk cooldown, slowed,
lightly drained, very slow
A: stationary, stasis, torment immunity, boosted hp, (horns 2), (retaliatory
headbutt)
a: Renounce Religion, Berserk, Trog's Hand


You were on level 8 of the Dungeon.
You worshipped Trog.
Trog was most pleased with you.
You were a tree.
You visited 1 branch of the dungeon, and saw 8 of its levels.

You collected 467 gold pieces.
You spent 67 gold pieces at shops.

Inventory:

Hand Weapons
 v - a +0 vorpal hand axe (weapon)
Missiles
 d - 4 javelins (quivered)
Armour
 n - a +2 pair of boots (melded)
 t - a +0 pair of gloves (melded)
 w - a +0 tower shield (worn)
 E - +0 swamp dragon scales (melded)
Jewellery
 q - a ring of protection from cold (left branch)
Wands
 o - a wand of flame (46)
 B - a wand of polymorph (18)
Scrolls
 a - a scroll of enchant armour {unknown}
 c - 6 scrolls of identify {unknown}
 f - 3 scrolls of enchant weapon {unknown}
 g - 2 scrolls of vulnerability {unknown}
 h - 5 scrolls of teleportation {unknown}
 k - 2 scrolls of acquirement {unknown}
 l - 3 scrolls of blinking {unknown}
 u - a scroll of immolation {unknown}
 y - a scroll of amnesia {unknown}
 D - a scroll of noise {unknown}
Potions
 b - a potion of attraction {unknown}
 e - 3 potions of mutation {unknown}
 i - 2 potions of flight {unknown}
 j - a potion of brilliance {unknown}
 m - a potion of ambrosia {unknown}
 p - a potion of might {unknown}
 r - 2 potions of curing
 s - 3 potions of degeneration {unknown}
 x - 3 potions of lignification
 z - a potion of invisibility {unknown}
 A - 2 potions of cancellation {unknown}
 C - a potion of haste {unknown}
 F - a potion of heal wounds {unknown}


   Skills:
 * Level 10.1 Fighting
 + Level 11.0 Axes
 + Level 2.3 Throwing
 + Level 8.1 Armour
 + Level 5.1 Dodging
 + Level 3.5 Shields
 + Level 0.4 Evocations


You had 9 spell levels left.
You didn't know any spells.
Your spell library was empty.

Dungeon Overview and Level Annotations

Branches:
Dungeon (8/15)             Temple (0/1) D:7
   Lair: D:8-11

Altars:
Xom

Shops:
D:1 (   D:8 [

Annotations:
D:8 1 transporter, surr's ghost, novice OgAE


Innate Abilities, Weirdness & Mutations

You are a tree.
Your roots penetrate the ground, keeping you stationary.
You cannot be teleported.
You are immune to unholy pain and torment.
Your maximum health is greatly increased.
Your equipment is partially melded.
((You have a pair of horns on your head.))
((You reflexively headbutt those who attack you in melee.))


Message History

Surr's ghost hits you.
* * * LOW HITPOINT WARNING * * *
You block the gnoll sergeant's attack. Surr's ghost hits you.
* * * LOW HITPOINT WARNING * * *
Okay, then.
You feel better.
The gnoll sergeant hits you but does no damage.
Surr's ghost whispers, "It is all a dream - a grotesque and foolish dream."
Surr's ghost hits you but does no damage.
You block the gnoll sergeant's attack.
Okay, then.
It was a potion of lignification.
You turn into a tree.
Your +0 pair of gloves melds into your body.
Your +2 pair of boots melds into your body.
Your +0 swamp dragon scales melds into your body.
Your roots penetrate the ground.
Surr's ghost hits you but does no damage.
You block the gnoll sergeant's attack.
Surr's ghost hits you but does no damage.
You closely miss surr's ghost.
Surr's ghost is no longer moving quickly.
You block the gnoll sergeant's attack. You block surr's ghost's attack.
The gnoll sergeant hits you but does no damage.
You are poisoned.
The gnoll sergeant hits you but does no damage.
Surr's ghost hits you but does no damage.
You hit surr's ghost.
Surr's ghost is lightly damaged.
You feel very sick. You block the gnoll sergeant's attack.
The gnoll sergeant hits you from afar with a +2 spear of venom.
* * * LOW HITPOINT WARNING * * *
Surr's ghost hits you but does no damage.
You block the gnoll sergeant's attack.
The gnoll sergeant hits you from afar with a +2 trident of venom!
* * * LOW HITPOINT WARNING * * *
You are more poisoned.
You hit surr's ghost but do no damage.
Surr's ghost is lightly damaged.
You die...

≈≈#g#g#.###.©.###.#.#.#≈≈..#
≈≈#.g.###.#####.###...#≈≈..#
≈≈###...............###≈≈..#
≈≈.8#.######'######.#8.≈≈..#
≈≈.##.#g #8g.#.⌠g#.##.≈≈..#
≈≈.#ggW #⌠g....gg..#.≈≈..#
≈≈.## #8g.#.⌠g#.##.≈≈..#
≈≈.8#.## ###'######y#8.≈≈..#
≈≈###g. .....gg)♣Wgg###≈≈.##
≈≈#g..###©#####.###...#≈≈.#
≈≈#g#g#.###.©.###.#.#.#≈≈.#
≈≈#####...........#####≈≈.#
≈≈≈≈≈≈≈≈≈≈≈≈≈≈≈≈≈≈≈≈≈≈≈≈≈.#
≈≈≈≈≈≈≈≈≈≈≈≈≈≈≈≈≈≈≈≈≈≈≈≈≈.#
..........................#
###.#.......#.####.########
........#...#.####.#


You could see 3 gnoll sergeants, a killer bee (summoned), surr's ghost and 5
gnolls.

Vanquished Creatures
  Maggie (D:8)
  Grinder (D:3)
  3 yaks (D:8)
  A wyvern (D:8)
  3 vampire mosquitoes (D:7)
  A water moccasin (D:8)
  A sky beast (D:6)
  2 ice beasts
  A black bear (D:5)
  2 ogres
  4 centaurs (D:8)
  A phantom (D:5)
  3 kobold brigands
  Blork the orc (D:5)
  2 bullfrogs
  2 necrophages
  4 wights (D:6)
  3 killer bees (D:8)
  4 howler monkeys
  4 hounds
  5 jellies
  An orc priest (D:6)
  A gnoll shaman (D:3)
  3 iguanas
  3 orc wizards (D:4)
  Robin (D:3)
  4 gnolls
  7 adders
  A shadow imp (D:6)
  2 ufetubi (D:4)
  2 worms
  3 dart slugs
  21 orcs
  7 ball pythons
  3 bats
  13 endoplasms
  2 giant cockroaches
  12 goblins
  11 hobgoblins
  2 jackals (D:2)
  3 quokkas
  6 frilled lizards
  23 kobolds
  9 rats
189 creatures vanquished.

Vanquished Creatures (others)
  6 plants (D:8)
6 creatures vanquished.

Grand Total: 195 creatures vanquished

Notes
Turn   | Place    | Note
-------+----------+-------------------------------------------
     0 | D:1      | dohliylev the Minotaur Berserker began the quest for the
                  | Orb.
     0 | D:1      | Reached XP level 1. HP: 19/19 MP: 0/0
   478 | D:1      | Reached XP level 2. HP: 27/27 MP: 1/1
   641 | D:1      | Reached skill level 4 in Axes
   781 | D:1      | Found a faded altar of an unknown god.
   824 | D:1      | Reached XP level 3. HP: 29/34 MP: 2/2
   965 | D:1      | Reached ** piety under Trog
  1197 | D:1      | Found Liuwnag's Weapon Shoppe.
  1773 | D:2      | Reached XP level 4. HP: 41/41 MP: 3/3
  2217 | D:3      | Noticed Robin
  2228 | D:3      | Reached skill level 1 in Throwing
  2230 | D:3      | Reached skill level 5 in Fighting
  2236 | D:3      | Killed Robin
  2337 | D:3      | Noticed Grinder
  2347 | D:3      | Killed Grinder
  2348 | D:3      | Reached skill level 5 in Axes
  2348 | D:3      | Reached XP level 5. HP: 50/50 MP: 4/4
  2348 | D:3      | Reached XP level 6. HP: 57/57 MP: 5/5
  2612 | D:3      | Reached skill level 6 in Axes
  2787 | D:3      | Reached *** piety under Trog
  3356 | D:4      | Reached XP level 7. HP: 53/59 MP: 4/6
  4335 | D:4      | Found a shimmering altar of Xom.
  4352 | D:5      | Entered Level 5 of the Dungeon
  4389 | D:5      | Reached skill level 7 in Axes
  4980 | D:5      | Noticed Blork the orc
  4991 | D:5      | Killed Blork the orc
  5055 | D:5      | Identified the +1 leather armour "Leivifom" {Stlth+}
  5084 | D:5      | Reached XP level 8. HP: 70/73 MP: 7/7
  5389 | D:6      | Reached skill level 5 in Armour
  5443 | D:6      | Reached skill level 8 in Axes
  5490 | D:6      | Identified the +2 hand axe "Gauhemm" {freeze, rN++ Str+2
                  | Int-5}
  5492 | D:6      | Lost intelligence.
  6157 | D:6      | Reached skill level 9 in Axes
  6594 | D:7      | Found a staircase to the Ecumenical Temple.
  6819 | D:7      | Reached XP level 9. HP: 82/82 MP: 8/8
  7687 | D:8      | Reached skill level 10 in Axes
  7695 | D:8      | Noticed Maggie
  7713 | D:8      | Killed Maggie
  7809 | D:8      | Found Linifeb's Armour Shoppe.
  7817 | D:8      | Bought a +0 tower shield for 67 gold pieces
  8072 | D:8      | Reached skill level 1 in Shields
  8418 | D:8      | Reached skill level 10 in Fighting
  8418 | D:8      | Reached skill level 5 in Dodging
  8418 | D:8      | Reached XP level 10. HP: 41/93 MP: 9/9
  8653 | D:8      | Noticed surr's ghost (novice OgAE)
  8664 | D:8      | Found a transporter.
  8687 | D:8      | Reached skill level 11 in Axes
  8737 | D:8      | Identified the ring "Marph" {rElec rPois rC- EV+4}
  8756 | D:8      | Found a transporter.
  9034 | D:8      | Identified the +0 buckler "Cyarphab" {rF+ rN+ Will+ Int-4}
  9059 | D:8      | HP: 6/138 [gnoll sergeant/+2 trident of venom (9)]
  9060 | D:8      | Succumbed to a gnoll sergeant's poison

Illustrated notes

Levels and vault maps discovered:
D:1:      eino_arrival_cavern_e, layout_loops_corners, serial_shops, shop,
          shapermc_ecumenical_altar_mp_urbaneastern
D:2:      layout_basic, serial_aquarium, aquarium_bridge_straight
          [aquarium_subvault_bridge, aquarium_subvault_wall,
          aquarium_subvault_bridge, aquarium_subvault_window],
          aquarium_bridge_straight [aquarium_subvault_bridge,
          aquarium_subvault_window, aquarium_subvault_bridge,
          aquarium_subvault_wall], aquarium_window_corridor_3,
          aquarium_window_1, aquarium_view_2b, aquarium_view_2d, aquarium_pool_S
D:3:      minmay_general_purpose_star, layout_rooms, uniq_robin, uniq_grinder
D:4:      layout_basic, kennysheep_mini, corexii_item_surrounded_by_moat,
          minivault_27, nicolae_concentric_dashed_squares_wild,
          palyth_stone_intersect
D:5:      layout_loops_corners, uniq_blork_the_orc
D:6:      layout_basic
D:7:      cheibrodos_quashed, layout_layer_cave, minmay_temple_entry_trees
D:8:      layout_basic, gammafunk_ghost_gnarly_gnolls, serial_shops,
          nicolae_shop_hallway_stairs, uniq_maggie

Skill      XL: |  1  2  3  4  5  6  7  8  9 10 |
---------------+-------------------------------+-----
Fighting       | 4 5 6 7 8 10 | 10.1
Axes           | 4 5 6 7 9 10 11 | 11.0
Throwing       | 1 2 |  2.3
Armour         | 3 4 6 8 |  8.1
Dodging        | 3 4 5 |  5.1
Shields        | 3 |  3.5
Evocations     | |  0.4

Action                   |  1- 3 |  4- 6 |  7- 9 | 10-12 || total
-------------------------+-------+-------+-------+-------++-------
Melee: Hand axe          |    51 |   106 |   308 |    31 ||   496
       Headbutt          |     5 |     8 |    68 |       ||    81
       Punch             |       |     1 |     2 |       ||     3
Throw: Javelin           |    19 |     4 |       |       ||    23
Invok: Berserk           |     1 |     5 |     2 |     1 ||     9
       Trog's Hand       |       |     2 |     3 |     1 ||     6
 Abil: Evoke Invisibilit |       |     1 |       |       ||     1
  Use: Potion            |       |       |       |     2 ||     2
 Stab: Sleeping          |     1 |       |       |       ||     1
Armor: Animal skin       |     4 |       |       |       ||     4
       Ring mail         |     1 |    31 |       |       ||    32
       Scale mail        |       |    15 |    87 |       ||   102
       Swamp dragon scal |       |       |    56 |    34 ||    90
       Skin              |       |       |       |     6 ||     6
Dodge: Dodged            |    32 |    67 |   140 |    24 ||   263
Block: Tower shield      |       |       |    61 |    44 ||   105

Table legend: (Time is in decaauts)
 A = Elapsed time spent in this place.
 B = Non-inter-level travel time spent in this place.
 C = Inter-level travel time spent in this place.
 D = Time resting spent in this place.
 E = Time spent auto-exploring this place.
 F = Levels seen in this place.
 G = Mean time per level.
                   A        B        C        D        E       F      G
               +--------+--------+--------+--------+--------+-----+--------+
         Total |   9157 |   8957 |    200 |   2052 |   5514 |   8 | 1144.6 |
       Dungeon |   9157 |   8957 |    200 |   2052 |   5514 |   8 | 1144.6 |
               +--------+--------+--------+--------+--------+-----+--------+

Top non-repeatable levels by time:
     D:8: 1406 daAuts
     D:1: 1309 daAuts
     D:4: 1283 daAuts
     D:6: 1173 daAuts
     D:7: 1137 daAuts
     D:5: 1013 daAuts
     D:2: 944 daAuts
     D:3: 889 daAuts
